 Dungeon Crawl Stone Soup version 0.30-a0-748-ge6a52f7cba (webtiles) character file.

Game seed: 2070498294014652341

228 sanka the Shooter (level 5, -1/41 HPs)
             Began as a Demigod Hunter on Feb 8, 2023.
             Slain by an ice beast (5 damage)
             ... on level 4 of the Dungeon.
             The game lasted 00:02:43 (2936 turns).

sanka the Shooter (Demigod Hunter)                  Turns: 2936, Time: 00:02:44

Health: -1/41      AC:  4    Str: 12    XL:     5   Next: 42%
Magic:  7/7        EV: 12    Int: 11    God:
Gold:   136        SH:  0    Dex: 21    Spells: 4/4 levels left

rFire   . . .      SeeInvis .    a - +0 shortbow
rCold   . . .      Faith    .    (shield currently unavailable)
rNeg    . . .      Spirit   .    c - +0 leather armour
rPois   .          Reflect  .    q - +0 helmet
rElec   .          Harm     .    (no cloak)
rCorr   .          Rampage  .    (no gloves)
Will    .....                    (no boots)
Stlth   ++                       (no amulet)
HPRegen 0.26/turn                (no ring)
MPRegen 0.10/turn                (no ring)

@: no status effects
A: high MP 1, forlorn, divine attributes
a: no special abilities


You were on level 4 of the Dungeon.
You visited 1 branch of the dungeon, and saw 4 of its levels.

You collected 136 gold pieces.


Innate Abilities, Weirdness & Mutations

You have an increased reservoir of magic. (+10% MP)
You shall have no god before yourself.
Your divine heritage dramatically boosts your attributes as you level up.


   Skills:
 - Level 1.7 Fighting
 + Level 6.4 Ranged Weapons
 - Level 1.7 Dodging
 - Level 0.8 Stealth


You had 4 spell levels left.
You didn't know any spells.
Your spell library contained the following spells:

 Spells                   Type           Power      Damage    Failure   Level
 Scorch                   Fire           0%         2d5       56%         2
 Flame Wave               Conj/Fire      0%         2d4       99%         4
 Alistair's Intoxication  Tmut/Pois      0%         N/A       100%        5
 Borgnjor's Vile Clutch   Necr/Erth      0%         N/A       100%        5
 Eringya's Noxious Bog    Tmut/Pois      0%         N/A       100%        6
 Summon Cactus Giant      Summ           0%         N/A       100%        6

Inventory:

Hand Weapons
 a - a +0 shortbow (weapon)
 o - a +3 quarterstaff
Armour
 c - a +0 leather armour (worn)
 f - a +0 helmet
 k - a +0 pair of boots
 q - a +0 helmet (worn)
Jewellery
 d - a ring of ice
 v - a ring of wizardry
Scrolls
 b - 2 scrolls of immolation {!r}
 e - a scroll of teleportation {unknown}
 g - a scroll of enchant armour {unknown}
 h - 3 scrolls of identify {unknown}
 m - a scroll of blinking {unknown}
 s - a scroll of fear {unknown}
 u - a scroll of magic mapping {unknown}
Potions
 i - 2 potions of curing {unknown}
 j - a potion of attraction {unknown}
 l - a potion of haste {unknown}
 n - a potion of mutation {unknown}
 p - a potion of magic {unknown}
 r - a potion of heal wounds {unknown}
 t - a potion of ambrosia {unknown}

Dungeon Overview and Level Annotations

Branches:
Dungeon (4/15)
 Temple: D:4-7

.....▒ .)...▒
. ▒▒▒▒
▒....+.▒.
▒..>.
▒....▒..
.....▒▒.....▒
......!....▒
......Y....▒
▒p...▒
▒▒....▒
▒.....▒ ▒▒
▒.....▒
▒▒▒▒▒.
▒.....▒
▒.....
▒▒....+
▒▒▒▒▒▒..▒▒.
▒▒....▒
▒▒A▒▒▒..▒▒.
▒.....▒
▒▒▒▒▒▒.<'..
▒.....▒
▒☼.☼▒▒..▒..


You could see an ice beast.


Message History

You shoot an arrow. The arrow barely misses the ice beast.
The ice beast hits you. The ice beast freezes you!
The ice beast barely misses you.
You shoot an arrow. The arrow closely misses the ice beast.
The ice beast hits you. The ice beast freezes you!
* * * LOW HITPOINT WARNING * * *
You shoot an arrow. The arrow closely misses the ice beast.
The ice beast hits you but does no damage.
You shoot an arrow. The arrow hits the ice beast!
The ice beast is severely wounded.
The ice beast hits you.
* * * LOW HITPOINT WARNING * * *
The ice beast freezes you!
* * * LOW HITPOINT WARNING * * *
You shoot an arrow. The arrow barely misses the ice beast.
The ice beast closely misses you.
You shoot an arrow.
The arrow hits the ice beast but does no damage.
The ice beast is severely wounded.
The ice beast hits you.
* * * LOW HITPOINT WARNING * * *
The ice beast freezes you.
You die...

Action                     |  1- 3 |  4- 6 || total
---------------------------+-------+-------++-------
   Fire: Shortbow          |   120 |    78 ||   198
 Armour: Leather armour    |    14 |    11 ||    25
  Dodge: Dodged            |    47 |    24 ||    71

Levels and vault maps discovered:
D:1:      nagdon_arrival_double_spiral, layout_loops_ring, serial_bayou_pond_c,
          minmay_cut_off
D:2:      layout_basic
D:3:      layout_loops_ring, nicolae_dithmenos_shadow_blocks,
          nicolae_half_adder, uniq_robin
D:4:      layout_gridville, grunt_temple_overflow_holy_war,
          kennysheep_orc_sif_temple, hex_tiny

Notes
Turn   | Place    | Note
-------+----------+-------------------------------------------
     0 | D:1      | sanka the Demigod Hunter began the quest for the Orb.
     0 | D:1      | Reached XP level 1. HP: 17/17 MP: 3/3
   271 | D:1      | Reached skill level 4 in Ranged Weapons
   408 | D:1      | Reached XP level 2. HP: 24/24 MP: 4/4
  1292 | D:2      | Reached XP level 3. HP: 29/29 MP: 5/5
  1577 | D:2      | Reached skill level 5 in Ranged Weapons
  1936 | D:3      | Noticed Robin
  1944 | D:3      | Killed Robin
  1967 | D:2      | Reached XP level 4. HP: 10/36 MP: 6/6
  2861 | D:4      | Noticed an ogre
  2867 | D:4      | Killed an ogre
  2868 | D:4      | Reached skill level 6 in Ranged Weapons
  2868 | D:4      | Reached XP level 5. HP: 41/41 MP: 7/7
  2897 | D:4      | Noticed a profane servitor
  2924 | D:4      | Noticed an ice beast
  2936 | D:4      | HP: 4/41 [ice beast (1)]
  2936 | D:4      | Slain by an ice beast

Vanquished Creatures
  An ogre (D:4)
  Robin (D:3)
  6 adders
  A white imp (D:4)
  A dart slug (D:2)
  6 ball pythons
  6 endoplasms
  4 giant cockroaches
  11 goblins
  9 hobgoblins
  3 quokkas (D:2)
  8 bats
  A frilled lizard (D:1)
  9 kobolds
  4 rats
71 creatures vanquished.
